 Dungeon Crawl Stone Soup version 0.19.5 (webtiles) character file.

2423 NTAmi the Chiller (level 9, -4/69 HPs)
             Began as a White Draconian Ice Elementalist on Mar 4, 2017.
             Was an Initiate of Sif Muna.
             Killed from afar by Toogi's ghost (10 damage)
             ... with a magic dart
             ... on level 7 of the Dungeon.
             The game lasted 01:24:54 (6624 turns).

NTAmi the Chiller (DrIE)                            Turns: 6624, Time: 01:24:54

Health: -4/69      AC: 20    Str: 11    XL:     9   Next: 24%
Magic:  2/18       EV: 19    Int: 18    God:    Sif Muna [......]
Gold:   209        SH:  0    Dex: 19    Spells: 4 memorised, 10 levels left

rFire  + . .     SeeInvis .     D - +3 rapier (flame)
rCold  + . .     Gourm    .     (armour unavailable)
rNeg   + . .     Faith    .     (no shield)
rPois  .         Spirit   .     (helmet restricted)
rElec  .         Reflect  .     j - +2 cloak of Poor Excuses {+Fly rF+ Regen+ Dex+2}
rCorr  .         Harm     .     u - +0 pair of gloves
MR     .....                    (no boots)
Stlth  +++.......               (no amulet)
                                L - ring of positive energy
                                v - +3 ring of protection

@: agile, icy armour, very slightly contaminated, drained, slow
A: breathe frost, unfitting armour, cold resistance 1, cold-blooded, AC +7
a: Breathe Frost, Renounce Religion, Evoke Flight


You were on level 7 of the Dungeon.
You worshipped Sif Muna.
Sif Muna was noncommittal.
You were not hungry.

You visited 2 branches of the dungeon, and saw 8 of its levels.

You collected 383 gold pieces.
You spent 174 gold pieces at shops.

Inventory:

Hand Weapons
 c - a +2 halberd of chopping
 w - a +0 hunting sling
 D - a +3 rapier of flaming (weapon)
Missiles
 d - 225 stones (quivered)
 m - 33 sling bullets
 r - 133 arrows
Armour
 j - the +2 cloak of Poor Excuses (worn) {+Fly rF+ Regen+ Dex+2}
   (You found it on level 4 of the Dungeon)

   It affects your dexterity (+2).
   It protects you from fire.
   It lets you fly.
   It increases your rate of regeneration.
 u - a +0 pair of gloves (worn)
Jewellery
 v - a +3 ring of protection (left hand)
 L - a ring of positive energy (right hand)
Wands
 k - a wand of acid (5/15)
 W - a wand of teleportation (1/9)
Scrolls
 e - 2 scrolls of magic mapping
 q - a scroll of teleportation
 B - 2 scrolls of remove curse
Potions
 f - 4 potions of lignification
 G - 4 potions of curing
Books
 a - a book of Frost

   Spells                             Type                      Level
   a - Freeze                         Ice                          1
   b - Throw Frost                    Conjuration/Ice              2
   c - Ozocubu's Armour               Charms/Ice                   3
   d - Throw Icicle                   Conjuration/Ice              4
   e - Summon Ice Beast               Ice/Summoning                4
 p - a book of Changes

   Spells                             Type                      Level
   a - Beastly Appendage              Transmutation                1
   b - Sticks to Snakes               Transmutation                2
   c - Spider Form                    Transmutation/Poison         3
   d - Ice Form                       Ice/Transmutation            4
   e - Blade Hands                    Transmutation                5
Comestibles
 b - 6 bread rations
 C - 2 meat rations


   Skills:
 + Level 3.1(2.0) Fighting
 + Level 4.0(2.8) Short Blades
   Level 0.6(0.0) Maces & Flails
 + Level 1.2(0.3) Slings
 + Level 0.5(0.0) Throwing
 + Level 4.8(3.6) Dodging
 + Level 2.8(1.7) Stealth
 * Level 2.9(1.8) Unarmed Combat
 + Level 6.0(4.8) Spellcasting
 + Level 2.4(1.4) Conjurations
 + Level 0.8(0.0) Charms
 + Level 7.3(6.1) Ice Magic
 + Level 2.2(1.1) Evocations


You had 10 spell levels left.
You knew the following spells:

 Your Spells              Type           Power        Failure   Level  Hunger
a - Freeze                Ice            ####         1%          1    None
b - Ozocubu's Armour      Chrm/Ice       ###.....     14%         3    ###....
c - Throw Frost           Conj/Ice       ###...       4%          2    #......
d - Throw Icicle          Conj/Ice       ###.....     28%         4    ####...


Dungeon Overview and Level Annotations

Branches:
Dungeon (7/15)             Temple (1/1) D:6

Altars:
Okawaru
Ru
Sif Muna
Zin

Shops:
D:4 %   D:5 *

Annotations:
D:7 Toogi's ghost, novice DEAE


Innate Abilities, Weirdness & Mutations

You can breathe waves of freezing cold.
You can buffet flying creatures when you breathe cold.
Your icy white scales are hard. (AC +7)
You cannot fit into any form of body armour.
Your flesh is cold resistant. (rC+)
You are cold-blooded and may be slowed by cold attacks.


Message History

The shard of ice misses Toogi's ghost.
Toogi's ghost mumbles some strange words.
Toogi's ghost blinks!
Casting: Throw Icicle
Confirm with . or Enter, or press ? or * to list all spells.
You can't see any susceptible monsters within range! (Use Z to cast anyway.)
Casting: Throw Icicle
Confirm with . or Enter, or press ? or * to list all spells.
Aiming: Throw Icicle
Press: ? - help, Shift-Dir - straight line, f/p - Toogi's ghost
Aim: Toogi's ghost, wielding a weapon of draining (lightly damaged)
You miscast Throw Icicle.
You are very lightly contaminated with residual magic.
Strange energies run through your body. Toogi's ghost casts a spell at you.
The bolt of lightning hits you!
* * * LOW HITPOINT WARNING * * *
Toogi's ghost casts a spell at you. The magic dart hits you!
You die...

....# #.##.#.######
#.# .#.####
#.##........# #.#
......#
#.####W####.# #.#
.#.##.# #.# #.# #<#
......# #.# #.#
#..>. ......# #.#
#.# ##### ......#
.# #.#
......#####.# #.#
............# #@#
.....#......## #.#
.............. ...
######......####.##
#.#...## #.# ####
#.##### #.# ...#
#.# #.. ##.###.#
### .......#


You could see Toogi's ghost.

Vanquished Creatures
  Pikel (D:5)
  Sigmund (D:3)
  Eustachio (D:4)
  A hungry ghost (D:6)
  An orc warrior (D:6)
  An ice beast (D:6)
  A phantom (D:4)
  A black bear (D:6)
  An ogre (D:4)
  A centaur (D:7)
  2 bullfrogs
  2 howler monkeys
  2 orc priests
  A hound (D:5)
  A jelly (D:7)
  An iguana (D:4)
  7 orc wizards
  5 worker ants
  A hound skeleton (D:6)
  Robin (D:3)
  13 gnolls
  5 adders
  An ooze (D:4)
  An adder zombie (D:7)
  2 adder skeletons
  6 worms
  5 leopard geckos
  18 orcs
  16 bats
  A giant cockroach (D:1)
  17 goblins
  10 hobgoblins
  10 jackals
  4 quokkas
  4 frilled lizards
  7 kobolds
  9 rats
162 creatures vanquished.

Vanquished Creatures (others)
  An orc (D:5)
1 creature vanquished.

Grand Total: 163 creatures vanquished

Notes
Turn   | Place    | Note
-------+----------+-------------------------------------------
     0 | D:1      | NTAmi the Draconian Ice Elementalist began the quest for the Orb.
     0 | D:1      | Reached XP level 1. HP: 14/14 MP: 3/3
   260 | D:1      | Reached XP level 2. HP: 20/20 MP: 0/5
   683 | D:1      | Reached XP level 3. HP: 23/26 MP: 2/6
   978 | D:2      | Reached skill level 1 in Short Blades
  1041 | D:1      | Reached XP level 4. HP: 30/34 MP: 0/7
  1590 | D:2      | Learned a level 3 spell: Ozocubu's Armour
  1593 | D:2      | Learned a level 2 spell: Throw Frost
  1944 | D:2      | Reached skill level 4 in Ice Magic
  2167 | D:4      | Noticed a phantom
  2198 | D:3      | Noticed Robin
  2434 | D:1      | Reached skill level 1 in Fighting
  2434 | D:1      | Reached XP level 5. HP: 34/40 MP: 3/9
  2741 | D:3      | Noticed Sigmund
  2786 | D:3      | Found a sacrificial altar of Ru.
  2858 | D:3      | Found an iron altar of Okawaru.
  3246 | D:3      | Killed Robin
  3260 | D:3      | Killed Sigmund
  3260 | D:3      | Reached XP level 6. HP: 15/48 MP: 11/11
  3270 | D:3      | Got a faintly glowing helmet
  3404 | D:4      | Found Ydeepse's Food Shoppe.
  3872 | D:4      | Your scales start taking on an icy white colour.
  3872 | D:4      | Reached skill level 5 in Ice Magic
  3872 | D:4      | Reached XP level 7. HP: 47/55 MP: 6/13
  3872 | D:4      | Gained mutation: Your flesh is cold resistant. (rC+) [White Draconian growth]
  4265 | D:4      | Got a twisted cloak
  4279 | D:4      | Identified the +2 cloak of Poor Excuses {+Fly rF+ Regen+ Dex+2} (You found it on level 4 of the Dungeon)
  4431 | D:5      | Entered Level 5 of the Dungeon
  4497 | D:4      | Noticed Eustachio
  4519 | D:4      | Killed Eustachio
  4519 | D:4      | Reached skill level 5 in Spellcasting
  4519 | D:4      | Reached skill level 6 in Ice Magic
  4810 | D:5      | Found Neinyso's Assorted Antiques.
  4856 | D:5      | Bought 2 scrolls of remove curse for 174 gold pieces
  4964 | D:5      | Reached XP level 8. HP: 56/61 MP: 10/15
  5049 | D:5      | Reached skill level 1 in Evocations
  5223 | D:5      | Learned a level 4 spell: Throw Icicle
  5225 | D:5      | Noticed Pikel
  5245 | D:5      | Killed Pikel
  5727 | D:6      | Reached skill level 1 in Unarmed Combat
  5727 | D:6      | Reached skill level 7 in Ice Magic
  5935 | D:6      | Found a staircase to the Ecumenical Temple.
  5941 | Temple   | Entered the Ecumenical Temple
  5949 | Temple   | Became a worshipper of Sif Muna the Loreminder
  6027 | D:6      | Reached skill level 1 in Slings
  6048 | D:6      | Reached XP level 9. HP: 68/68 MP: 1/17
  6588 | D:7      | Noticed Toogi's ghost (novice DEAE)
  6619 | D:7      | HP: 3/69 [Toogi's ghost/bolt of lightning (26)]
  6624 | D:7      | Killed from afar by Toogi's ghost

Skill      XL: |  1  2  3  4  5  6  7  8  9 |
---------------+----------------------------+-----
Stealth        | 2 |  2.8
Short Blades   | 1 2 3 4 |  4.0
Dodging        | 2 3 4 |  4.8
Ice Magic      | 4 5 6 7 |  7.3
Fighting       | 1 2 3 |  3.1
Spellcasting   | 3 4 5 6 |  6.0
Evocations     | 2 |  2.2
Unarmed Combat | 2 |  2.9
Conjurations   | 2 |  2.4
Slings         | 1 |  1.2
Maces & Flails | |  0.6
Throwing       | |  0.5
Charms         | |  0.8

Action                   |  1- 3 |  4- 6 |  7- 9 || total
-------------------------+-------+-------+-------++-------
Melee: Club              |    15 |    41 |       ||    56
       Unarmed           |     5 |       |       ||     5
       Dagger            |    18 |    30 |   206 ||   254
       Tailslap          |     3 |     8 |    39 ||    50
       Short sword       |    18 |       |       ||    18
       Rapier            |       |    21 |   104 ||   125
 Fire: Hunting sling     |    14 |    21 |     4 ||    39
Throw: Stone             |    14 |    30 |     7 ||    51
 Cast: Freeze            |    36 |    96 |    53 ||   185
       Ozocubu's Armour  |       |    10 |    15 ||    25
       Throw Frost       |       |     3 |    37 ||    40
       Throw Icicle      |       |       |     5 ||     5
 Abil: Breathe Frost     |       |       |     8 ||     8
Evoke: Wand              |       |     3 |     6 ||     9
  Use: Scroll            |       |    12 |     8 ||    20
       Potion            |       |     5 |     1 ||     6
 Stab: Sleeping          |     5 |     2 |     2 ||     9
  Eat: Chunk             |     1 |     9 |     2 ||    12
       Pizza             |       |     1 |       ||     1
       Beef jerky        |       |       |     2 ||     2
       Bread ration      |       |       |     1 ||     1
       Meat ration       |       |       |     1 ||     1
Armor: Skin              |    27 |    79 |   146 ||   252
Dodge: Dodged            |    61 |   122 |   213 ||   396
